 Dungeon Crawl Stone Soup version 0.19.5 (webtiles) character file.

1127 tidbits the Archer (level 8, -4/52 HPs)
             Began as a High Elf Wanderer on Oct 30, 2017.
             Slain by Edmund
             ... wielding a +0 flail of protection
              (5 damage)
             ... on level 5 of the Dungeon.
             The game lasted 00:20:13 (1752 turns).

tidbits the Archer (High Elf Wanderer)              Turns: 1752, Time: 00:20:14

Health: -4/52      AC:  8    Str:  9 (12) XL:     8   Next: 13%
Magic:  10/10      EV: 12    Int: 19 (21) God:
Gold:   131        SH:  2    Dex:  8 (11) Spells: 0 memorised, 9 levels left

rFire  . . .     SeeInvis .     b - +0 falchion
rCold  . . .     Gourm    .     B - +3 leather armour
rNeg   . . .     Faith    .     (no shield)
rPois  .         Spirit   .     (no helmet)
rElec  .         Reflect  +     (no cloak)
rCorr  .         Harm     .     G - +1 pair of gloves
MR     +....                    (no boots)
Stlth  ++........               v - +2 amulet of reflection
                                w - ring of stealth
                                p - ring of protection from magic

@: very slightly contaminated, hasted, very quick
A: no striking features
a: no special abilities


You were on level 5 of the Dungeon.
You were hungry.

You visited 1 branch of the dungeon, and saw 6 of its levels.

You collected 131 gold pieces.

Inventory:

Hand Weapons
 a - a +2 shortbow
 b - a +0 falchion (weapon)
   (You took it off an orc on level 5 of the Dungeon)
 q - a +0 dagger of freezing
   (You took it off a goblin on level 2 of the Dungeon)
 x - a cursed -2 war axe
   (You found it on level 3 of the Dungeon)
 E - a +1 whip of pain
   (You found it on level 4 of the Dungeon)
Missiles
 g - 15 bolts
 h - 78 sling bullets
 m - 104 stones (quivered)
 K - 3 tomahawks
Armour
 e - a +0 robe
 u - a +0 ring mail
   (You found it on level 3 of the Dungeon)
 B - a +3 leather armour (worn)
   (You found it on level 2 of the Dungeon)
 G - a +1 pair of gloves (worn)
   (You found it on level 4 of the Dungeon)
Jewellery
 l - an uncursed ring of fire
   (You found it on level 2 of the Dungeon)
 p - a ring of protection from magic (left hand)
   (You took it off a kobold on level 2 of the Dungeon)
 v - a +2 amulet of reflection (around neck)
   (You found it on level 3 of the Dungeon)
 w - a ring of stealth (right hand)
   (You found it on level 3 of the Dungeon)
 A - an uncursed amulet of magic regeneration
   (You found it on level 4 of the Dungeon)
 I - an uncursed ring of flight
   (You found it on level 5 of the Dungeon)
Wands
 y - a wand of slowing (0/48)
   (You took it off an orc on level 3 of the Dungeon)
 D - a wand of lightning (0/15)
   (You found it on level 4 of the Dungeon)
Scrolls
 r - 2 scrolls of remove curse
 s - a scroll of magic mapping {unknown}
 t - a scroll of teleportation {unknown}
 H - a scroll of blinking {unknown}
 N - a scroll of amnesia {unknown}
Books
 d - Xemnoxis's Grimoire of Protection

   Spells                             Type                      Level
   a - Swiftness                      Charms/Air                   2
   b - Shroud of Golubria             Charms/Translocation         2
 f - the Disquisition on Confrontation

   Spells                             Type                      Level
   a - Flame Tongue                   Conjuration/Fire             1
   b - Static Discharge               Conjuration/Air              3
Comestibles
 c - 2 bread rations
 n - 2 meat rations
 C - a fruit
 M - a beef jerky


   Skills:
 - Level 3.3 Fighting
 + Level 4.2 Long Blades
 - Level 10.1 Bows
 - Level 1.7 Armour
 - Level 3.1 Dodging
 - Level 1.1 Stealth
 - Level 1.2 Spellcasting
   Level 1.0 Summonings
   Level 1.0 Ice Magic
 - Level 1.0 Evocations


You had 9 spell levels left.
You didn't know any spells.

Dungeon Overview and Level Annotations

Branches:
Dungeon (6/15)
 Temple: D:4-7

Altars:
Dithmenos

Annotations:
D:2 Natasha
D:5 Edmund, Eustachio


Message History

Eustachio is severely wounded.
The white imp grinds its teeth.
Eustachio gestures wildly while chanting.
Eustachio blinks!
Your leather armour prevents you from hitting Edmund.
Edmund is almost dead.
The iron imp shouts, "Remove thy stench, thou spongy shard-borne pumpion!"
Edmund closely misses you.
You aren't carrying any potions.
Unknown command.
You hit Edmund but do no damage.
Edmund is almost dead.
You hit Edmund but do no damage.
Edmund is almost dead.
The white imp disappears in a puff of smoke!
Edmund hits you but does no damage.
You hit Edmund but do no damage.
Edmund is almost dead.
The quokka disappears in a puff of smoke!
The iron imp lashes its tail.
Edmund hits you but does no damage.
You hit Eustachio but do no damage.
Eustachio is severely wounded.
You closely miss Eustachio.
Eustachio is severely wounded.
The iron imp disappears in a puff of smoke!
Eustachio hits you but does no damage. You block Edmund's attack.
You hit Eustachio but do no damage.
Eustachio is severely wounded.
Eustachio hits you but does no damage.
You closely miss Eustachio.
Eustachio is severely wounded.
Edmund closely misses you.
You closely miss Eustachio.
Eustachio is severely wounded.
Eustachio says, "My allies will avenge me."
Eustachio closely misses you.
Edmund hits you with a flail of protection!
* * * LOW HITPOINT WARNING * * *
You barely miss Eustachio.
Eustachio is severely wounded.
Eustachio hits you but does no damage.
You hit Eustachio.
Eustachio is severely wounded.
Edmund hits you but does no damage.
You hit Eustachio.
Eustachio is almost dead.
Eustachio casts a spell.
You barely miss Eustachio.
Eustachio is almost dead.
Edmund misses you.
You hit Eustachio.
Eustachio is almost dead.
Eustachio hits you but does no damage.
Edmund says, "You wouldn't believe how much I paid for this flail."
Edmund closely misses you.
You hit Eustachio but do no damage.
Eustachio is almost dead.
Eustachio misses you.
You miss Eustachio.
Eustachio is almost dead.
Edmund hits you but does no damage.
You barely miss Eustachio.
Eustachio is almost dead.
Eustachio mumbles some strange words.
The rat twitches its whiskers.
You completely miss Eustachio.
Eustachio is almost dead.
The crimson imp blinks!
Edmund hits you with a flail of protection.
* * * LOW HITPOINT WARNING * * *
Eustachio casts a spell.
Eustachio blinks!
You don't know any spells.
You hit Edmund but do no damage.
Edmund is almost dead.
The bat hits you but does no damage.
Eustachio screams, "This atrocity can only be purified with blood!"
Edmund says, "You wouldn't believe how much I paid for this flail."
Edmund closely misses you.
You hit Edmund.
Edmund is almost dead.
You block the bat's attack.
You barely miss Edmund.
Edmund is almost dead.
The bat barely misses you. The bat closely misses you.
Edmund says, "People think my brother is the best.
I think he's crazy."
Edmund barely misses you.
You riposte.
You barely miss Edmund.
Edmund is almost dead.
You barely miss Edmund.
Edmund is almost dead.
The bat closely misses you.
You hit Edmund but do no damage.
Edmund is almost dead.
The bat hits you but does no damage. Edmund barely misses you.
You hit Edmund but do no damage.
Edmund is almost dead.
The bat hits you but does no damage.
Edmund hits you with a flail of protection.
You die...

######### ######
#.......####.##..
##.5.........#.#.#
#5.......##.###..#
#b#......###.#.###
#@#......# ##.##
#@#.##.### #..#
#r#@##.#######.##
#@#.##.##.......#
#...#....#####..#
#.......##...##.#
#..####.#.....#.#
#.##[.###.....#.#
#.#....##..)..#.#


You could see Edmund, Eustachio, a quasit, a crimson imp, a bat and a rat.

Vanquished Creatures
  Grinder (D:4)
  Duvessa (D:5)
  A sky beast (D:5)
  An ogre (D:4)
  An ice beast (D:5)
  Blork the orc (D:5)
  Dowan (D:5)
  2 scorpions
  A bullfrog zombie (D:5)
  An orc wizard (D:5)
  An orc priest (D:3)
  A centaur skeleton (D:5)
  2 worker ants (D:4)
  2 iguanas (D:5)
  A hound skeleton (D:4)
  A howler monkey skeleton (D:5)
  3 adders
  An ooze (D:1)
  2 dart slugs
  2 leopard geckos
  7 orcs
  A ball python (D:1)
  3 giant cockroaches
  2 goblins
  2 hobgoblins (D:1)
  8 jackals
  2 quokkas (D:5)
  9 bats
  3 frilled lizards
  A jackal skeleton (D:4)
  A jackal zombie (D:5)
  8 kobolds
  2 rats (D:1)
76 creatures vanquished.

Notes
Turn   | Place    | Note
-------+----------+-------------------------------------------
     0 | D:1      | tidbits the High Elf Wanderer began the quest for the Orb.
     0 | D:1      | tidbits set off with: a +2 shortbow, 26 arrows, the Disquisition on Confrontation, Xemnoxis's Grimoire of Protection, a +0 robe, a bread ration
     0 | D:1      | Reached XP level 1. HP: 13/13 MP: 3/3
     0 | D:1      | Identified the Disquisition on Confrontation
     0 | D:1      | Identified Xemnoxis's Grimoire of Protection
    37 | D:1      | Reached skill level 3 in Bows
   147 | D:2      | Reached XP level 2. HP: 8/18 MP: 4/4
   157 | D:2      | Reached skill level 4 in Bows
   213 | D:2      | Noticed Natasha
   299 | D:1      | Reached XP level 3. HP: 15/23 MP: 5/5
   426 | D:1      | Reached skill level 5 in Bows
   594 | D:3      | Found a shadowy altar of Dithmenos.
   761 | D:3      | Reached XP level 4. HP: 23/28 MP: 6/6
   766 | D:3      | Reached skill level 6 in Bows
   842 | D:4      | Noticed Grinder
   864 | D:4      | Paralysed by Grinder for 3 turns
   875 | D:4      | Killed Grinder
   875 | D:4      | Reached skill level 8 in Bows
   875 | D:4      | Reached XP level 5. HP: 33/33 MP: 7/7
   875 | D:4      | Reached XP level 6. HP: 38/38 MP: 8/8
   951 | D:4      | Reached skill level 9 in Bows
  1049 | D:5      | Entered Level 5 of the Dungeon
  1108 | D:4      | Reached skill level 10 in Bows
  1108 | D:4      | Reached XP level 7. HP: 30/43 MP: 9/9
  1327 | D:5      | Reached skill level 1 in Long Blades
  1357 | D:5      | Reached skill level 2 in Fighting
  1357 | D:5      | Reached skill level 2 in Long Blades
  1357 | D:5      | Reached skill level 1 in Dodging
  1389 | D:5      | Noticed Duvessa
  1411 | D:5      | Killed Duvessa
  1411 | D:5      | Reached skill level 2 in Dodging
  1414 | D:5      | Noticed Dowan
  1423 | D:5      | Reached skill level 3 in Long Blades
  1435 | D:5      | Killed Dowan
  1435 | D:5      | Reached skill level 3 in Fighting
  1448 | D:5      | Noticed Eustachio
  1471 | D:5      | Reached skill level 3 in Dodging
  1471 | D:5      | Reached XP level 8. HP: 26/52 MP: 10/10
  1566 | D:5      | Noticed Blork the orc
  1573 | D:5      | Killed Blork the orc
  1573 | D:5      | Reached skill level 4 in Long Blades
  1638 | D:5      | Noticed Edmund
  1695 | D:5      | HP: 5/52 [Edmund/flail of protection (11)]
  1737 | D:5      | HP: 1/52 [Edmund/flail of protection (8)]
  1746 | D:5      | HP: 1/52 [Edmund/flail of protection (1)]
  1752 | D:5      | Slain by Edmund

Skill      XL: |  1  2  3  4  5  6  7  8 |
---------------+-------------------------+-----
Bows           | 3 4 5 8 10 | 10.1
Long Blades    | 3 4 |  4.2
Fighting       | 3 |  3.3
Dodging        | 3 |  3.1
Armour         | |  1.7
Stealth        | |  1.1
Spellcasting   | |  1.2
Summonings     | |  1.0
Ice Magic      | |  1.0
Evocations     | |  1.0

Action                   |  1- 3 |  4- 6 |  7- 9 || total
-------------------------+-------+-------+-------++-------
Melee: Falchion          |       |       |    95 ||    95
 Fire: Shortbow          |    84 |    76 |    95 ||   255
Throw: Stone             |       |       |    16 ||    16
Evoke: Wand              |       |     4 |     8 ||    12
  Use: Scroll            |       |     3 |     1 ||     4
       Potion            |       |       |     9 ||     9
  Eat: Chunk             |       |       |     2 ||     2
Armor: Robe              |     2 |       |       ||     2
       Leather armour    |     7 |     8 |    42 ||    57
Dodge: Dodged            |    24 |    11 |    67 ||   102
Block: Other             |       |     1 |    11 ||    12
       Rpst.: Falchion   |       |       |    10 ||    10

Table legend:
 A = Turns spent in this place as a percentage of turns spent in the entire game.
 B = Non-inter-level travel turns spent in this place as a percentage of non-inter-level travel turns spent in the entire game.
 C = Inter-level travel turns spent in this place as a percentage of turns spent in this place.
 D = Turns resting spent in this place as a percentage of non-inter-level travel turns spent in this place.
 E = Turns spent auto-exploring this place as a percentage of non-inter-level travel turns spent in this place.
 F = Non-inter-level travel turns spent in this place divided by the number of levels of this place that you've seen.
                   A       B       C       D       E      F
               +-------+-------+-------+-------+-------+----------------------
         Total | 100.0 | 100.0 |   0.2 |   0.0 |   0.0 | 240.5
       Dungeon | 100.0 | 100.0 |   0.2 |   0.0 |   0.0 | 240.5
               +-------+-------+-------+-------+-------+----------------------

Table legend:
 A = Kills in this place as a percentage of kills in entire the game.
 B = Kills by you in this place as a percentage of kills by you in the entire game.
 C = Kills by friends in this place as a percentage of kills by friends in the entire game.
 D = Other kills in this place as a percentage of other kills in the entire game.
 E = Experience gained in this place as a percentage of experience gained in the entire game.
 F = Experience gained in this place divided by the number of levels of this place that you have seen.
                   A       B       C       D       E      F
               +-------+-------+-------+-------+-------+----------------------
         Total | 100.0 | 100.0 |  -nan |  -nan | 100.0 | 268.5
       Dungeon | 100.0 | 100.0 |  -nan |  -nan | 100.0 | 268.5
               +-------+-------+-------+-------+-------+----------------------

Vault maps used:
D:1:      lightli_arrival_quake
D:2:      first_bread, uniq_iyjb, uniq_natasha
D:3:      kennysheep_vampire_church, nrook_uturn,
          nicolae_dithmenos_shadow_blocks
D:4:      uniq_grinder
D:5:      cheibrodos_quashed, kennysheep_mini, minmay_joined_circles,
          uniq_blork_the_orc, uniq_prince_ribbit1, uniq_edmund, uniq_eustachio,
          uniq_duvessa
D:6:      minmay_temple_entry_overgrown, serial_shops, shop
